 Dungeon Crawl Stone Soup version 0.30-a0-377-g5cb311bc9f (webtiles) character file.

Game seed: 11906805399144179011

6 Lobster4 the Caller (level 1, 0/11 HPs)
             Began as a Tengu Summoner on Nov 27, 2022.
             Slain by a quokka (2 damage)
             ... on level 1 of the Dungeon.
             The game lasted 00:01:06 (128 turns).

Lobster4 the Caller (Tengu Summoner)                 Turns: 128, Time: 00:01:07

Health: 0/11       AC:  2    Str:  8    XL:     1   Next: 90%
Magic:  2/4        EV: 12    Int: 15    God:
Gold:   12         SH:  0    Dex: 14    Spells: 3/4 levels left

rFire   . . .      SeeInvis .    e - +0 club
rCold   . . .      Faith    .    (no shield)
rNeg    . . .      Spirit   .    a - +0 robe
rPois   .          Reflect  .    (helmet restricted)
rElec   .          Harm     .    (no cloak)
rCorr   .          Rampage  .    (no gloves)
Will    .....                    (boots unavailable)
Stlth   ++........               (no amulet)
HPRegen 0.21/turn                (no ring)
MPRegen 0.09/turn                (no ring)

@: no status effects
A: beak, talons 3
a: no special abilities


You were on level 1 of the Dungeon.
You visited 1 branch of the dungeon, and saw 1 of its levels.

You collected 12 gold pieces.

Inventory:

Hand Weapons
 e - a +0 club (weapon)
Missiles
 c - 8 stones
Armour
 a - a +0 robe (worn)
Potions
 b - a potion of magic
 d - a potion of curing {unknown}


   Skills:
 + Level 0.3 Fighting
 + Level 0.4 Armour
 + Level 2.3 Dodging
 - Level 2.0 Stealth
 + Level 2.1 Spellcasting
 + Level 4.9 Summonings


You had 3 spell levels left.
You knew the following spells:

 Your Spells              Type           Power      Damage    Failure   Level
a - Summon Small Mammal   Summ           64%        N/A       3%          1

Your spell library contained the following spells:

 Spells                   Type           Power      Damage    Failure   Level
 Call Imp                 Summ           16%        N/A       4%          2
 Call Canine Familiar     Summ           16%        N/A       9%          3
 Summon Guardian Golem    Hex/Summ       8%         N/A       24%         3
 Summon Lightning Spire   Summ/Air       8%         N/A       63%         4


Dungeon Overview and Level Annotations

Branches:
Dungeon (1/15)

Altars:


Innate Abilities, Weirdness & Mutations

You have a beak for a mouth.
You have claws for feet.


Message History

Casting: Summon Small Mammal (safe; 3% risk of failure)
Confirm with . or Enter, or press ? or * to list all spells.
Unknown command.
Your bat misses the hobgoblin. The hobgoblin hits your bat.
The endoplasm closely misses your rat.
Your bat hits the hobgoblin but does no damage.
Your rat bites the endoplasm.
The endoplasm dies!
Your rat bites the hobgoblin.
Your bat hits the kobold.
Your bat barely misses the hobgoblin.
The hobgoblin completely misses your rat.
The kobold hits your bat but does no damage.
Your rat bites the hobgoblin.
A quokka comes into view.
The hobgoblin hits your bat.
Your bat closely misses the kobold.
Your rat barely misses the hobgoblin.
Your bat closely misses the kobold.
The kobold throws a stone.
The stone barely misses you.
Your rat barely misses the quokka.
The kobold throws a stone.
The stone barely misses you.
Your bat closely misses the kobold.
The hobgoblin hits you.
Your rat closely misses the kobold.
You barely miss the hobgoblin.
The hobgoblin is almost dead.
Your bat barely misses the kobold.
The quokka closely misses you. The hobgoblin closely misses you.
The kobold hits your bat with a +0 short sword.
Your bat dies!
Your bat's corpse disappears in a puff of smoke!
Your rat closely misses the kobold.
You closely miss the hobgoblin.
The hobgoblin is almost dead.
The quokka bites you but does no damage.
The hobgoblin barely misses you.
Your rat bites the kobold but does no damage.
The quokka bites you. The hobgoblin hits you.
* * * LOW HITPOINT WARNING * * *
Casting: Summon Small Mammal (safe; 3% risk of failure)
Confirm with . or Enter, or press ? or * to list all spells.
The quokka bites you.
You die...

#####.....#####
.#.#...#.....#...#
##..#.<.'.....'.8.#
....#...#.....#...#
#..#..#####.....#####
#####..#......#+###'#...
........#.......r....#.####..#
........#..##...##.#..........
........#...Kg@....#.#.##†..##
#.........#r.r.......#... ...
#g# ##....'...###....####.# # .
#.# #....##................
..#g####....##.#######.#...##.#
...K..§.....##..........>### #
...J##......############.#
##..##......# .# #..##......# #


You could see a quokka, a hobgoblin (ally target), a kobold (ally target), a
friendly quokka (summoned) and a friendly rat (summoned).

Vanquished Creatures (collateral kills)
  An endoplasm (D:1)
  3 hobgoblins (D:1)
  A kobold (D:1)
5 creatures vanquished.

Notes
Turn   | Place    | Note
-------+----------+-------------------------------------------
     0 | D:1      | Lobster4 the Tengu Summoner began the quest for the Orb.
     0 | D:1      | Reached XP level 1. HP: 10/10 MP: 4/4
   128 | D:1      | Slain by a quokka

Illustrated notes

Levels and vault maps discovered:
D:1:      minmay_arrival_stair_chambers, layout_basic,
          ebering_ecumenical_altar_box

Action                   || total
-------------------------++-------
Melee: Club              ||     2
 Cast: Summon Small Mamm ||     7
Armor: Robe              ||     3
Dodge: Dodged            ||     8

Table legend: (Time is in decaauts)
 A = Elapsed time spent in this place.
 B = Non-inter-level travel time spent in this place.
 C = Inter-level travel time spent in this place.
 D = Time resting spent in this place.
 E = Time spent auto-exploring this place.
 F = Levels seen in this place.
 G = Mean time per level.
                   A        B        C        D        E       F      G
               +--------+--------+--------+--------+--------+-----+--------+
         Total |    128 |    128 |      0 |      5 |     58 |   1 |  128.0 |
       Dungeon |    128 |    128 |      0 |      5 |     58 |   1 |  128.0 |
               +--------+--------+--------+--------+--------+-----+--------+

Top non-repeatable levels by time:
     D:1: 128 daAuts
